 Dungeon Crawl Stone Soup version 0.27.0 (webtiles) character file.

Game seed: 8360571749132448982

1129 miscthings the Thaumaturge (level 8, 0/50 HPs)
             Began as a Djinni Conjurer on July 30, 2021.
             Was an Initiate of Makhleb.
             Slain by a jackal (3 damage)
             ... on level 5 of the Dungeon.
             The game lasted 00:05:41 (4689 turns).

miscthings the Thaumaturge (Djinni Conjurer)        Turns: 4689, Time: 00:05:42

Health: 0/50       AC:  3    Str: 12    XL:     8   Next: 62%
Gold:   252        EV: 12    Int: 20    God:    Makhleb [......] SH:  0 Dex: 14

rFire    + + .     SeeInvis .   k - +0 dagger (venom)
rCold    x . .     Faith    .   (no shield)
rNeg     . . .     Spirit   .   a - +0 robe
rPois    ∞         Reflect  .   (no helmet)
rElec    .         Harm     .   (no cloak)
rCorr    .         Rampage  .   e - +0 pair of gloves
Will     .....                  (boots unavailable)
Stlth    ++........             (no amulet)
HPRegen  0.16/turn              n - +6 ring of strength
MPRegen  0.00/turn              (no ring)

@: flying
A: sickness immunity, fire resistance 2, cold vulnerability 1, float, innate
caster, hp casting, extra vitality 1
a: Renounce Religion


You were on level 5 of the Dungeon.
You worshipped Makhleb.
Makhleb was noncommittal.
You visited 2 branches of the dungeon, and saw 6 of its levels.

You collected 252 gold pieces.

Inventory:

Hand Weapons
 k - a +0 dagger of venom (weapon)
Missiles
 g - a throwing net
Armour
 a - a +0 robe (worn)
 e - a +0 pair of gloves (worn)
 h - a +0 tower shield
Jewellery
 n - a +6 ring of strength (left hand)
Scrolls
 c - 2 scrolls of identify {unknown}
 f - a scroll of noise {unknown}
 i - 2 scrolls of fog {unknown}
 l - a scroll of teleportation {unknown}
 o - a scroll of magic mapping {unknown}
 r - a scroll of acquirement {unknown}
Potions
 d - a potion of degeneration {unknown}
 j - a potion of cancellation {unknown}
 m - 3 potions of curing {unknown}
 p - 2 potions of haste {unknown}
 q - a potion of flight {unknown}


   Skills:
 - Level 2.1 Dodging
 - Level 1.5 Stealth
 + Level 8.1 Spellcasting


You had 3 spell levels left.
You knew the following spells:

 Your Spells              Type           Power      Damage    Failure   Level
a - Searing Ray           Conj           80%        3d6       1%          2
b - Magic Dart            Conj           100%       1d8       1%          1
c - Dazzling Flash        Conj/Hex       80%        N/A       1%          3
d - Fulminant Prism       Conj/Hex       20%        3d13      3%          4
e - Iskenderun's Mystic   Conj/Tloc      40%        2d9       3%          4
f - Animate Skeleton      Necr           80%        N/A       1%          1
g - Wereblood             Tmut           40%        N/A       1%          2
h - Vampiric Draining     Necr           20%        2d8       1%          3
Your spell library was empty.

Dungeon Overview and Level Annotations

Branches:
Dungeon (5/15)             Temple (1/1) D:5

Altars:
Cheibriados
Dithmenos
Elyvilon
Fedhas
Hepliaklqana
Makhleb
Nemelex Xobeh
Okawaru
Trog
Uskayaw
Wu Jian
Yredelemnul
Zin
The Shining One


Innate Abilities, Weirdness & Mutations

You are immune to sickness and miasma.
You are immune to poison.
Your flesh is very heat resistant. (rF++)
You are vulnerable to cold. (rC-)
You float through the air rather than walking.
You learn spells naturally, not from books.
Your magical power is your life essence.
You have superior vitality. (+4 HP)


Message History

Press: ? - help, Shift-Dir - straight line The searing ray hits the orc priest.
The orc priest is moderately wounded.
The searing ray hits the yak.
The yak is lightly wounded. (Press . to maintain the ray.)
A yak comes into view.
The searing ray hits the orc priest!
You kill the orc priest!
Makhleb accepts your kill.
The searing ray hits the yak!
The yak is moderately wounded.
The searing ray hits the orc priest!
The orc priest is severely wounded.
You hear a bark!
A jackal comes into view.
The searing ray hits the yak!
The yak is severely wounded.
The searing ray hits the orc priest!
You kill the orc priest!
Makhleb accepts your kill. The yak gores you!
A yak comes into view.
The searing ray hits the yak!
The yak is almost dead.
You finish channeling your searing ray.
The jackal barks!
You hear a bellow!
The yak gores you!
* * * LOW HITPOINT WARNING * * *
Casting: Searing Ray (safe; 1% risk of failure)
Confirm with . or Enter, or press ? or * to list all spells.
You erupt in a blast of force!
The mystic blast hits the yak!
You kill the yak!
Makhleb accepts your kill.
* * * LOW HITPOINT WARNING * * *
A yak comes into view.
Your Spellcasting skill increases to level 8!
A yak comes into view.
The jackal bites you.
You die...

.# ... .# .Y
######.
#Y####.......
#.))...# #.#
.#####.Y#####.#
#..........h@#.#
....#######.##...#
#.[ #..##..# #..
## ##.....## .# .#
# ###....# ######
### #.##.#
##...########.....
#.##.....#
#................
.......#..
#..#########.....
..>..#[..#.###
##.......###.....


You could see a yak and a jackal.

Vanquished Creatures
  3 yaks
  A black bear (D:4)
  A necrophage (D:4)
  A scorpion (D:4)
  A jelly (D:4)
  A bullfrog skeleton (D:4)
  A hound (D:4)
  4 orc priests
  An iguana (D:4)
  An orc wizard (D:4)
  7 gnolls
  2 adders
  An ufetubus (D:4)
  4 worms
  A dart slug (D:2)
  9 orcs
  10 ball pythons
  4 endoplasms
  5 giant cockroaches
  2 goblins
  7 hobgoblins
  15 jackals
  5 quokkas
  4 bats
  5 frilled lizards
  6 kobolds
  5 rats
107 creatures vanquished.

Vanquished Creatures (others)
  3 fulminant prisms (D:4)
3 creatures vanquished.

Grand Total: 110 creatures vanquished

Notes
Turn   | Place    | Note
-------+----------+-------------------------------------------
     0 | D:1      | miscthings the Djinni Conjurer began the quest for the Orb.
     0 | D:1      | Reached XP level 1. HP: 15/15 MP: 0/0
    70 | D:1      | Reached XP level 2. HP: 13/21 MP: 0/0
   664 | D:1      | Reached XP level 3. HP: 17/25 MP: 0/0
   664 | D:1      | Learned a level 1 spell: Animate Skeleton
   958 | D:1      | Reached skill level 4 in Spellcasting
   980 | D:1      | Found a faded altar of an unknown god.
  1329 | D:2      | Found an iron altar of Okawaru.
  1807 | D:2      | Reached XP level 4. HP: 28/31 MP: 0/0
  2317 | D:2      | Reached XP level 5. HP: 28/35 MP: 0/0
  2317 | D:2      | Learned a level 2 spell: Wereblood
  2693 | D:3      | Reached skill level 5 in Spellcasting
  3162 | D:4      | Noticed a black bear
  3169 | D:4      | Reached XP level 6. HP: 32/40 MP: 0/0
  3171 | D:4      | Killed a black bear
  3232 | D:4      | Found a basalt altar of Yredelemnul.
  3357 | D:4      | Found a white marble altar of Elyvilon.
  3399 | D:4      | Reached skill level 6 in Spellcasting
  3399 | D:4      | Reached XP level 7. HP: 33/45 MP: 0/0
  3399 | D:4      | Learned a level 3 spell: Vampiric Draining
  3963 | D:4      | Noticed a yak
  3966 | D:4      | Noticed a yak
  3981 | D:4      | Killed a yak
  3981 | D:4      | Noticed a yak
  3982 | D:4      | Reached skill level 7 in Spellcasting
  3982 | D:4      | Reached XP level 8. HP: 22/50 MP: 0/0
  3994 | D:4      | Noticed a yak
  4007 | D:4      | Killed a yak
  4447 | D:5      | Entered Level 5 of the Dungeon
  4452 | D:5      | Found a staircase to the Ecumenical Temple.
  4467 | Temple   | Entered the Ecumenical Temple
  4573 | Temple   | Became a worshipper of Makhleb the Destroyer
  4675 | D:5      | Noticed a yak
  4680 | D:5      | Noticed a yak
  4682 | D:5      | Noticed a yak
  4684 | D:5      | Killed a yak
  4684 | D:5      | Noticed a yak
  4685 | D:5      | Reached skill level 8 in Spellcasting
  4685 | D:5      | Noticed a yak
  4689 | D:5      | Slain by a jackal

Illustrated notes

Levels and vault maps discovered:
D:1:      pf_arrival_petrified_forest, layout_rooms,
          dilly_ecumenical_altar_fadedgnrine
D:2:      layout_basic, basic_altar
D:3:      layout_basic
D:4:      layout_cave_pods, kennysheep_ying_yang
D:5:      layout_rooms, minmay_temple_entry_wispy
Temple:   oiseaux_autumnal_temple

Skill      XL: |  1  2  3  4  5  6  7  8 |
---------------+-------------------------+-----
Spellcasting   | 4 5 6 7 8 |  8.1
Dodging        | |  2.1
Stealth        | |  1.5

Action                   |  1- 3 |  4- 6 |  7- 9 || total
-------------------------+-------+-------+-------++-------
Melee: Dagger            |       |       |     7 ||     7
 Cast: Magic Dart        |     8 |       |       ||     8
       Searing Ray       |    29 |    32 |    14 ||    75
       Iskenderun's Myst |       |     1 |     2 ||     3
       Fulminant Prism   |       |       |     3 ||     3
  Use: Potion            |       |       |     1 ||     1
Armor: Robe              |     4 |     3 |     1 ||     8
Dodge: Dodged            |    13 |     5 |     9 ||    27
